 Dungeon Crawl Stone Soup version 0.18.1-48-g4cf74bf (webtiles) character file.

11366 Inkary the Fighter (level 11, -2/73 HPs)
             Began as a Gargoyle Fighter on July 28, 2016.
             Was a High Priest of Okawaru.
             Slain by a death yak (13 damage)
             ... on level 2 of the Lair of Beasts.
             The game lasted 00:25:56 (11998 turns).

Inkary the Fighter (Gargoyle Fighter)              Turns: 11998, Time: 00:25:57

Health: -2/73      AC: 29    Str: 23    XL:     11   Next: 76%
Magic:  11/13      EV: 11    Int:  8    God:    Okawaru [*****.]
Gold:   463        SH: 13    Dex:  8    Spells: 2 memorised, 6 levels left

rFire  . . .     SeeInvis .     q - +2 flail
rCold  . . .     Gourm    .     j - +1 scale mail {rPois}
rNeg   + . .     Faith    .     c - +0 shield
rPois  ∞         Spirit   .     g - +2 helmet
rElec  +         Dismiss  .     l - +2 cloak
rCorr  .         Reflect  .     X - +0 pair of gloves
SustAt .         Harm     .     (no boots)
MR     +....                    y - amulet of regeneration
Stlth  +.........               N - ring of protection from magic
                                D - ring of wizardry

@: heroism, somewhat resistant to hostile enchantments, very unstealthy
A: yellow scales 1, blurry vision 1, clumsy 1, negative energy resistance 1,
electricity resistance, unbreathing, petrification resistance, rot immunity, AC
+7
a: Heroism, Finesse, Renounce Religion


You were on level 2 of the Lair of Beasts.
You worshipped Okawaru.
Okawaru was extremely pleased with you.
You were not hungry.

You visited 3 branches of the dungeon, and saw 14 of its levels.

You collected 620 gold pieces.
You spent 157 gold pieces at shops.

Inventory:

Hand Weapons
 q - a +2 flail (weapon)
Armour
 c - a +0 shield (worn)
 g - a +2 helmet (worn)
 j - a +1 scale mail of poison resistance (worn)
 l - a +2 cloak (worn)
 X - a +0 pair of gloves (worn)
Jewellery
 y - an amulet of regeneration (around neck)
 D - a ring of wizardry (left hand)
 I - a cursed -2 ring of intelligence {unknown}
 J - a cursed -3 ring of dexterity {unknown}
 N - a ring of protection from magic (right hand)
 P - an uncursed ring of magical power {unknown}
 R - an uncursed ring of see invisible {unknown}
 S - an uncursed ring of protection from fire {unknown}
Wands
 b - a wand of digging (14/24)
 C - a wand of acid (7/15)
 F - a wand of iceblast (4/15)
 H - a wand of acid (7/15)
 K - a wand of lightning (7/15)
 M - a wand of acid (8/15)
 O - a wand of slowing (34/48)
 T - a wand of slowing (35/48)
 W - a wand of iceblast (7/15)
Scrolls
 a - 2 scrolls of identify
 d - 2 scrolls of fog {unknown}
 o - 2 scrolls of enchant armour
 p - 2 scrolls of immolation
 r - 5 scrolls of remove curse
 s - 3 scrolls of teleportation
 t - a scroll of blinking
 u - a scroll of noise {unknown}
 x - 2 scrolls of fear
 E - a scroll of recharging {unknown}
 Q - a scroll of enchant weapon {unknown}
Potions
 e - 2 potions of flight
 h - a potion of lignification
 m - 3 potions of magic
 n - a potion of invisibility {unknown}
 v - a potion of brilliance {unknown}
 w - a potion of ambrosia {unknown}
 z - 2 potions of cancellation
 A - a potion of agility {unknown}
 L - a potion of heal wounds {unknown}
Books
 V - a book of Burglary

   Spells                             Type                      Level
   a - Swiftness                      Charms/Air                   2
   b - Passwall                       Transmutation/Earth          2
   c - Passage of Golubria            Translocation                4
   d - Lee's Rapid Deconstruction     Earth                        5
   e - Darkness                       Hexes                        6
   f - Invisibility                   Hexes                        6
Miscellaneous
 G - a sack of spiders
Comestibles
 f - 10 bread rations
 i - 4 meat rations
 k - 4 beef jerkies
 B - 15 fruits
 U - 2 chunks of flesh


   Skills:
 + Level 10.6(15.6) Fighting
 + Level 9.7(14.7) Maces & Flails
 - Level 10.2(15.2) Armour
 + Level 10.1(15.1) Shields
 + Level 3.1 Invocations


You had 6 spell levels left.
You knew the following spells:

 Your Spells              Type           Power        Failure   Level  Hunger
a - Blink                 Tloc           N/A          67%         2    ###....
b - Repel Missiles        Chrm/Air       #.....       67%         2    ###....


Dungeon Overview and Level Annotations

Branches:
Dungeon (11/15)            Temple (1/1) D:7            Lair (2/8) D:10
    Orc: D:9-12

Altars:
Ashenzari
Cheibriados
Dithmenos
Elyvilon
Fedhas
Gozag
Kikubaaqudgha
Makhleb
Nemelex Xobeh
Okawaru
Pakellas
Qazlal
Ru
Sif Muna
Trog
Vehumet
Xom
Yredelemnul
Zin
The Shining One

Shops:
D:5 ?   D:8 :

Annotations:
D:9 Nergalle
D:11 WarriorsX's ghost, journeyman HuFi


Innate Abilities, Weirdness & Mutations

You are resistant to torment.
Your stone body is resilient (AC +7).
You are immune to poison.
You resist negative energy.
You are resistant to electric shocks.
You can survive without breathing.
You are immune to petrification.
You are immune to rotting.
You are partially covered in yellow scales (AC +2).
Scrolls take you a little longer to read.
You are clumsy. (Dex -2)


Message History

The death yak gores you but does no damage. x2
The death yak gores you!
A river rat comes into view.
You sock the death yak!
The death yak is severely wounded.
The death yak gores you.
The death yak gores you but does no damage.
The death yak gores the fungus!
You hit the death yak.
The death yak is lightly wounded.
The death yak gores you but does no damage.
You hit the death yak.
The death yak is severely wounded.
The death yak gores you but does no damage.
You block the death yak's attack.
You gain the combat prowess of a mighty hero.
You feel slightly more hungry. The death yak gores you!!
* * * LOW HITPOINT WARNING * * *
The river rat bites the plant.
The death yak gores you!
You die...

.................................
.................................
P.###............................
### ....................##P....
## .................#...##....
.## #.......#.PrP...........#....
..# ...........rP.>...#P...#.....
.####.........YYP..........##....
.# ............Y@.....##...##....
.# #...........P..........##....
## #...P.......#.....##.####....
### #...#.......#.....#..........
#.###....##.#.#+#................
.................................
###.###.P#.#...####.##...#..#.###
### #######.## #####.#.##### ###
#####


You could see 3 death yaks and 2 river rats.

Vanquished Creatures
  A hydra (Lair:1)
  Erica (Lair:2)
  Urug (D:10)
  A spiny frog (Lair:2)
  A komodo dragon (Lair:1)
  A troll (D:9)
  A spriggan (D:7)
  2 basilisks
  A hungry ghost (D:9)
  4 hippogriffs
  Grum (Lair:1)
  4 water moccasins
  3 porcupines
  3 black bears
  A sky beast (D:9)
  2 orc warriors
  3 ice beasts
  2 necrophages
  A phantom (D:10)
  6 wolves (Lair:1)
  6 centaurs
  3 ogres
  3 crocodiles
  Blork the orc (D:6)
  The ghost of Gartch3 the Firebug, an amateur DEFE (D:3)
  3 big kobolds
  A gnoll sergeant (D:8)
  11 giant frogs
  5 scorpions
  A water moccasin skeleton (D:9)
  4 killer bees (D:8)
  6 wights
  6 crimson imps
  13 hounds
  3 centaur skeletons
  10 orc wizards
  An orc priest (D:4)
  A giant frog skeleton (D:10)
  7 iguanas
  5 worker ants
  2 killer bee zombies
  A hound zombie (D:7)
  2 hound skeletons
  A killer bee simulacrum (D:9)
  3 worker ant zombies
  8 gnolls
  A howler monkey skeleton (D:8)
  14 adders
  10 river rats
  4 shadow imps
  3 adder skeletons
  2 adder zombies (D:7)
  5 dart slugs
  5 giant geckos
  31 orcs
  9 bats
  3 giant cockroaches
  2 gnoll zombies (D:8)
  11 goblins
  8 hobgoblins
  11 jackals
  20 kobolds
  8 quokkas
  2 ball pythons
  A giant gecko skeleton (D:6)
  7 giant newts
  13 rats
318 creatures vanquished.

Vanquished Creatures (others)
  A dart slug (D:1)
  A kobold (D:1)
2 creatures vanquished.

Grand Total: 320 creatures vanquished

Notes
Turn   | Place    | Note
--------------------------------------------------------------
     0 | D:1      | Inkary the Gargoyle Fighter began the quest for the Orb.
     0 | D:1      | Reached XP level 1. HP: 14/14 MP: 1/1
   111 | D:1      | Reached XP level 2. HP: 19/19 MP: 2/2
   387 | D:1      | Reached XP level 3. HP: 24/24 MP: 3/3
   977 | D:2      | Reached XP level 4. HP: 18/29 MP: 4/4
  1617 | D:3      | Reached XP level 5. HP: 34/34 MP: 5/5
  1624 | D:3      | Found a snail-covered altar of Cheibriados.
  1907 | D:3      | Found a bloodstained altar of Trog.
  1907 | D:3      | Noticed Gartch3's ghost (amateur DEFE)
  1920 | D:3      | Killed Gartch3's ghost
  1920 | D:3      | Reached skill level 5 in Fighting
  1920 | D:3      | Reached skill level 5 in Armour
  1920 | D:3      | Reached XP level 6. HP: 33/40 MP: 6/6
  2424 | D:4      | Reached XP level 7. HP: 44/44 MP: 7/7
  3078 | D:5      | Entered Level 5 of the Dungeon
  3213 | D:5      | Found a white marble altar of Elyvilon.
  3627 | D:5      | Found Niunlehe's Magic Scroll Emporium.
  3636 | D:5      | Bought a scroll of blinking for 112 gold pieces
  3636 | D:5      | Bought a scroll of teleportation for 45 gold pieces
  3990 | D:6      | Reached skill level 5 in Maces & Flails
  3990 | D:6      | Reached XP level 8. HP: 48/51 MP: 8/8
  4020 | D:6      | Reached skill level 5 in Shields
  4024 | D:6      | Noticed Blork the orc
  4026 | D:6      | Found a shattered altar of Ashenzari.
  4035 | D:6      | Killed Blork the orc
  5224 | D:7      | Reached XP level 9. HP: 53/57 MP: 9/9
  5332 | D:7      | Found a staircase to the Ecumenical Temple.
  5565 | Temple   | Entered the Ecumenical Temple
  5625 | Temple   | Became a worshipper of Warmaster Okawaru
  5717 | D:7      | Learned a level 2 spell: Blink
  5720 | D:7      | Learned a level 2 spell: Repel Missiles
  5980 | D:7      | Found an oddly glowing altar of Pakellas.
  6158 | D:8      | Reached * piety under Okawaru
  6230 | D:8      | Found Qonte's Book Boutique.
  6343 | D:8      | Found an ancient bone altar of Kikubaaqudgha.
  6449 | D:8      | Reached XP level 10. HP: 42/65 MP: 10/10
  6562 | D:8      | Reached ** piety under Okawaru
  6673 | D:8      | Found a basalt altar of Yredelemnul.
  6763 | D:8      | Found a stormy altar of Qazlal.
  6774 | D:8      | Found an opulent altar of Gozag.
  6790 | D:8      | Found a shadowy altar of Dithmenos.
  7652 | D:9      | Found a deep blue altar of Sif Muna.
  8273 | D:10     | Entered Level 10 of the Dungeon
  8347 | D:10     | Noticed Urug
  8470 | D:10     | Killed Urug
  8470 | D:10     | Reached *** piety under Okawaru
  8598 | D:10     | Noticed Nergalle
  8917 | D:10     | Found a staircase to the Lair.
  9398 | D:10     | Reached XP level 11. HP: 72/72 MP: 11/11
  9456 | D:11     | Noticed WarriorsX's ghost (journeyman HuFi)
  9595 | D:11     | Reached **** piety under Okawaru
  9801 | D:10     | Gained mutation: Your spells are a little easier to cast, but a little less powerful. [potion of mutation]
  9801 | D:10     | Gained mutation: Your spells are easier to cast, but less powerful. [potion of mutation]
  9801 | D:10     | Gained mutation: You are clumsy. (Dex -2) [potion of mutation]
  9802 | D:10     | Lost mutation: You are clumsy. (Dex -2) [potion of cure mutation]
  9802 | D:10     | Lost mutation: Your spells are easier to cast, but less powerful. [potion of cure mutation]
  9802 | D:10     | Lost mutation: Your spells are a little easier to cast, but a little less powerful. [potion of cure mutation]
  9803 | D:10     | Gained mutation: You are clumsy. (Dex -2) [potion of mutation]
  9803 | D:10     | Gained mutation: Scrolls take you a little longer to read. [potion of mutation]
  9803 | D:10     | Gained mutation: You are partially covered in yellow scales (AC +2). [potion of mutation]
 10063 | Lair:1   | Entered Level 1 of the Lair of Beasts
 10122 | Lair:1   | Reached skill level 10 in Fighting
 10149 | Lair:1   | Reached skill level 10 in Armour
 10150 | Lair:1   | Noticed Grum
 10190 | Lair:1   | Killed Grum
 10412 | Lair:1   | Received a gift from Okawaru
 10520 | Lair:1   | Reached skill level 1 in Invocations
 11176 | Lair:1   | Noticed a seven-headed hydra
 11187 | Lair:1   | Killed a seven-headed hydra
 11187 | Lair:1   | Reached ***** piety under Okawaru
 11535 | Lair:2   | Noticed a death yak
 11535 | Lair:2   | Noticed a death yak
 11536 | Lair:2   | Noticed a death yak
 11730 | Lair:2   | Reached skill level 10 in Shields
 11762 | Lair:2   | Noticed Erica
 11804 | Lair:2   | Killed Erica
 11998 | Lair:2   | Slain by a death yak

Skill      XL: |  1  2  3  4  5  6  7  8  9 10 11 |
---------------+----------------------------------+-----
Armour         | 4 5 6 7 8 9 10 | 10.2
Fighting       | 4 5 6 7 8 9 10 | 10.6
Maces & Flails | 3 4 5 6 7 8 9 |  9.7
Shields        | 4 6 7 9 10 | 10.1
Invocations    | 3 |  3.1

Action                   |  1- 3 |  4- 6 |  7- 9 | 10-12 || total
-------------------------+-------+-------+-------+-------++-------
Melee: Flail             |   149 |   252 |   712 |   933 ||  2046
Invok: Heroism           |       |       |     2 |     5 ||     7
Evoke: Wand              |       |       |       |     1 ||     1
  Use: Scroll            |       |     3 |     8 |     6 ||    17
       Potion            |       |     1 |       |     7 ||     8
  Eat: Chunk             |       |     5 |    15 |    15 ||    35
       Pizza             |       |       |       |     2 ||     2
       Meat ration       |       |       |       |     1 ||     1
       Royal jelly       |       |       |       |     2 ||     2
       Fruit             |       |       |       |     1 ||     1
Armor: Scale mail        |   145 |   227 |   450 |   629 ||  1451
       Skin              |       |       |       |    13 ||    13
Dodge: Dodged            |   142 |   174 |   263 |   341 ||   920
Block: Shield            |       |    22 |   474 |   602 ||  1098
